 Dungeon Crawl Stone Soup version 0.27.1-33-g824d729ab1 (webtiles) character file.

Game seed: 10740314347709552597

289 halfoni the Skirmisher (level 6, -6/66 HPs)
             Began as an Ogre Berserker on Dec 18, 2021.
             Was a Believer of Trog.
             Mangled by Edmund (15 damage)
             ... on level 4 of the Dungeon.
             The game lasted 00:04:05 (3099 turns).

halfoni the Skirmisher (Ogre Berserker)             Turns: 3099, Time: 00:04:06

Health: -6/66      AC:  4    Str: 24    XL:     6   Next: 31%
Magic:  6/6        EV: 10    Int:  8    God:    Trog [**....]
Gold:   91         SH:  0    Dex:  8    Spells: 5/5 levels left

rFire    . . .     SeeInvis .   a - +0 hand axe
rCold    . . .     Faith    .   (no shield)
rNeg     . . .     Spirit   .   b - +0 animal skin
rPois    .         Reflect  .   (helmet restricted)
rElec    .         Harm     .   m - +0 cloak
rCorr    .         Rampage  .   (gloves unavailable)
Will     .....                  (boots unavailable)
Stlth    +.........             (no amulet)
HPRegen  0.21/turn              (no ring)
MPRegen  0.10/turn              (no ring)

@: lethally poisoned (-6 -> -8), on berserk cooldown, slowed, very slow
A: large, unfitting armour, tough skin 1
a: Renounce Religion, Berserk, Trog's Hand


You were on level 4 of the Dungeon.
You worshipped Trog.
Trog was pleased with you.
You visited 1 branch of the dungeon, and saw 4 of its levels.

You collected 91 gold pieces.

Inventory:

Hand Weapons
 a - a +0 hand axe (weapon)
Armour
 b - a +0 animal skin (worn)
 m - a +0 cloak (worn)
Wands
 l - a wand of charming (13)
Scrolls
 g - 3 scrolls of identify {unknown}
 h - a scroll of teleportation {unknown}
 j - 2 scrolls of fear {unknown}
Potions
 c - a potion of resistance {unknown}
 d - 3 potions of brilliance {unknown}
 e - a potion of lignification {unknown}
 f - a potion of curing {unknown}
 i - a potion of might {unknown}
 k - a potion of magic {unknown}


   Skills:
 + Level 5.4 Fighting
 + Level 5.0 Axes
 * Level 1.8 Armour
 + Level 3.6 Dodging


You had 5 spell levels left.
You didn't know any spells.
Your spell library was empty.

Dungeon Overview and Level Annotations

Branches:
Dungeon (4/15)
 Temple: D:4-7

Altars:
Cheibriados
Okawaru
Uskayaw
Vehumet
The Shining One

Portals:
Abyss: D:4

Annotations:
D:4 Edmund; Squirrel's ghost, amateur DsGl


Innate Abilities, Weirdness & Mutations

You are too large for most types of armour.
You have tough skin. (AC +1)


Message History

The goblin completely misses you. The goblin closely misses you.
Your Axes skill increases to level 5!
The goblin hits you with a +0 dagger.
Things that are here:
a +0 club; a hobgoblin corpse You slash the goblin!
You kill the goblin!
Trog accepts your kill.
There is a hide-covered altar of Uskayaw here.
Items here: ( )))) †.
Things that are here:
a +0 club; a +0 giant spiked club; an ogre skeleton
Items here: ))) [ †.
There is a stone staircase leading up, spattered with blood here.
Found a one-way gate to the infinite horrors of the Abyss.
The gnoll shouts!
Squirrel's ghost turns its malevolent gaze towards you.
The crimson imp shouts!
A scorpion and Edmund come into view.
Edmund is wielding a +4 vorpal dire flail.
Edmund shouts!
Found a stone staircase leading up.
Edmund hits you with a +4 vorpal dire flail!
Edmund hits you but does no damage.
You're still recovering from your berserk rage.
The scorpion barely misses you. The scorpion stings you. x2
You are poisoned.
The scorpion poisons you!
You feel very sick. Edmund closely misses you.
You feel sick.
The scorpion stings you but does no damage.
Edmund barely misses you.
Squirrel's ghost wails, "What do you have that I didn't have?"
The scorpion stings you.
* * * LOW HITPOINT WARNING * * *
You closely miss the scorpion. You hit Edmund but do no damage.
You feel sick.
Edmund hits you with a +4 vorpal dire flail!
You die...

#.............
##....⌠.._....
#....).....#
###.......#
#...))_...#
#.###))...# #
#.)<)...#
#.#.###.# +#
#.#.@.#.##...
#...s@#....<.
#####........
#.......##...
#.#....##
+..#### ...#
W. #... #.∩
#.. .##


You could see Edmund, a scorpion and Squirrel's ghost.

Vanquished Creatures
  An ogre (D:4)
  An orc priest (D:3)
  Crazy Yiuf (D:3)
  An orc wizard (D:3)
  Robin (D:4)
  3 adders
  2 dart slugs
  6 orcs
  11 endoplasms
  A giant cockroach (D:1)
  12 goblins
  8 hobgoblins
  A jackal (D:2)
  4 kobolds
  5 quokkas
  4 ball pythons
  2 bats
  3 frilled lizards
  2 rats (D:1)
69 creatures vanquished.

Notes
Turn   | Place    | Note
-------+----------+-------------------------------------------
     0 | D:1      | halfoni the Ogre Berserker began the quest for the Orb.
     0 | D:1      | Reached XP level 1. HP: 24/24 MP: 1/1
   145 | D:1      | Reached XP level 2. HP: 23/32 MP: 2/2
   843 | D:1      | Reached XP level 3. HP: 36/40 MP: 3/3
   977 | D:1      | Found a faded altar of an unknown god.
  1406 | D:2      | Reached ** piety under Trog
  1733 | D:2      | Reached XP level 4. HP: 49/49 MP: 4/4
  1789 | D:3      | Reached skill level 1 in Armour
  1793 | D:3      | Reached XP level 5. HP: 55/55 MP: 5/5
  2230 | D:3      | Found a snail-covered altar of Cheibriados.
  2292 | D:3      | Found a runed translucent door.
  2293 | D:3      | Noticed Crazy Yiuf
  2580 | D:3      | Found an iron altar of Okawaru.
  2736 | D:3      | Killed Crazy Yiuf
  2737 | D:3      | Reached skill level 5 in Fighting
  2809 | D:4      | Noticed an ogre
  2809 | D:4      | Found a hide-covered altar of Uskayaw.
  2809 | D:4      | Found a glowing golden altar of the Shining One.
  2809 | D:4      | Found a radiant altar of Vehumet.
  2817 | D:4      | Killed an ogre
  2818 | D:4      | Reached XP level 6. HP: 18/66 MP: 6/6
  3068 | D:4      | Noticed Robin
  3081 | D:4      | Killed Robin
  3082 | D:4      | Reached skill level 5 in Axes
  3089 | D:4      | Found a one-way gate to the infinite horrors of the Abyss.
  3089 | D:4      | Noticed Squirrel's ghost (amateur DsGl)
  3092 | D:4      | Noticed Edmund
  3099 | D:4      | Mangled by Edmund

Illustrated notes

Levels and vault maps discovered:
D:1:      dpeg_arrival_central, layout_loops_ring, ebering_ecumenical_altar_box
D:2:      layout_basic, st_stairs_3, grunt_ministairs_13
D:3:      layout_loops_ring, okawaru_metal_pillars_3, cheibriados_altar_1,
          uniq_crazy_yiuf_cottage
D:4:      layout_basic, mainiacjoe_overflow_alcove_1,
          grunt_temple_overflow_open, gammafunk_ghost_abyssal_escape,
          enter_ossuary_2, uniq_sigmund, uniq_robin, uniq_edmund

Skill      XL: |  1  2  3  4  5  6 |
---------------+-------------------+-----
Dodging        | 3 |  3.6
Axes           | 4 5 |  5.0
Armour         | 1 |  1.8
Fighting       | 5 |  5.4

Action                   |  1- 3 |  4- 6 || total
-------------------------+-------+-------++-------
Melee: Hand axe          |   101 |    73 ||   174
Invok: Berserk           |       |     4 ||     4
 Stab: Sleeping          |     1 |     1 ||     2
Armor: Animal skin       |    24 |    19 ||    43
Dodge: Dodged            |    44 |    43 ||    87
